 Dungeon Crawl Stone Soup version 0.28-a0-687-gb91baff9cc (webtiles) character file.

Game seed: 5371452391320212521

343 kae the Insei (level 6, 0/51 HPs)
             Began as a Draconian Transmuter on Oct 19, 2021.
             Slain by a gnoll shaman (1 damage)
             ... on level 4 of the Dungeon.
             The game lasted 00:02:52 (3647 turns).

kae the Insei (Draconian Transmuter)                Turns: 3647, Time: 00:02:52

Health: 0/51       AC:  2    Str: 12    XL:     6   Next: 31%
Magic:  16/18      EV: 19    Int: 14    God:
Gold:   170        SH:  0    Dex: 18    Spells: 1/9 levels left

rFire   . . .      SeeInvis .     - Unarmed
rCold   . . .      Faith    .   (shield currently unavailable)
rNeg    . . .      Spirit   .   (armour unavailable)
rPois   x          Reflect  .   (helmet currently unavailable)
rElec   .          Harm     .   (cloak currently unavailable)
rCorr   .          Rampage  .   (gloves currently unavailable)
Will    .....                   (boots currently unavailable)
Stlth   ++........              (no amulet)
HPRegen 0.17/turn               g - ring of magical power
MPRegen 0.16/turn               (no ring)

@: spider-form (expiring)
A: venomous fangs, AC +6, tiny, unfitting armour, (cold-blooded)
a: End Transformation


You were on level 4 of the Dungeon.
You were a venomous arachnid creature.
You visited 1 branch of the dungeon, and saw 4 of its levels.

You collected 170 gold pieces.

Inventory:

Jewellery
 b - a +6 ring of intelligence
 g - a ring of magical power (left front leg)
Wands
 j - a wand of digging (6)
Scrolls
 e - 2 scrolls of teleportation
 h - a scroll of fear
 m - 3 scrolls of identify
Potions
 a - 2 potions of attraction
 c - a potion of flight
 d - a potion of resistance
 f - a potion of curing
 i - a potion of heal wounds
 k - a potion of ambrosia {unknown}
 l - a potion of brilliance {unknown}


   Skills:
 + Level 3.2 Fighting
 - Level 1.7 Dodging
 * Level 5.1 Unarmed Combat
 - Level 2.0 Spellcasting
 + Level 3.5 Transmutations
 * Level 0.8 Ice Magic
 - Level 2.0 Poison Magic


You had one spell level left.
You knew the following spells:

 Your Spells              Type           Power      Damage    Failure   Level
a - Beastly Appendage     Tmut           22%        N/A       16%         1
b - Spider Form           Tmut/Pois      4%         N/A       43%         3
c - Ice Form              Ice/Tmut       7%         N/A       85%         4

Your spell library contained the following spells:

 Spells                   Type           Power      Damage    Failure   Level
 Wereblood                Tmut           11%        N/A       22%         2
 Leda's Liquefaction      Hex/Erth       0%         N/A       98%         4
 Lee's Rapid Deconstruct  Erth           0%         3d5*      100%        5
 Statue Form              Tmut/Erth      4%         N/A       100%        6


Dungeon Overview and Level Annotations

Branches:
Dungeon (4/15)
 Temple: D:4-7

Altars:
Dithmenos
Elyvilon
Okawaru
Qazlal

Shops:
D:3 (


Innate Abilities, Weirdness & Mutations

You are a venomous arachnid creature.
You have poisonous fangs.
You are tiny and dextrous.
Your spellcasting is less reliable in this form.
Your armour is entirely melded.
You are incapable of wielding weapons or throwing items.
((Your plain brown scales are hard. (AC +6)))
You cannot fit into any form of body armour.
((You are cold-blooded and may be slowed by cold attacks.))


Message History

Confirm with . or Enter, or press ? or * to list all spells.
You turn into a venomous arachnid creature.
The gnoll barely misses you. The gnoll misses you. The gnoll barely misses you.
The gnoll misses you.
There are monsters nearby!
You hit the gnoll.
The gnoll is poisoned.
The gnoll is almost dead.
The gnoll closely misses you. The gnoll misses you.
You bite the gnoll!
You kill the gnoll!
The gnoll barely misses you.
Things that are here:
a +0 flail; a ring of see invisible You hit the gnoll but do no damage.
The gnoll completely misses you.
You bite the gnoll!
The gnoll is heavily wounded.
The gnoll barely misses you.
You hit the gnoll but do no damage.
The gnoll is poisoned.
The gnoll is heavily wounded.
The gnoll shaman calls upon its god to heal the gnoll.
The gnoll is healed somewhat.
The gnoll misses you.
You hit the gnoll.
The gnoll looks as sick as possible!
The gnoll is severely wounded.
You barely miss the gnoll shaman. The gnoll closely misses you.
You hit the gnoll shaman but do no damage.
The gnoll misses you. The gnoll shaman closely misses you.
You hit the gnoll shaman but do no damage.
Your transformation is almost over.
You kill the gnoll!
The giant cockroach waves its antennae.
The gnoll shaman hits you with the +5 dagger "Hysushriez" {vorpal, Dex+7}!
You are too injured to fight recklessly!
You barely miss the gnoll shaman.
The gnoll shaman hits you with the +5 dagger "Hysushriez" {vorpal, Dex+7}!
* * * LOW HITPOINT WARNING * * *
x2 You hit the gnoll shaman.
The gnoll shaman is lightly wounded.
The gnoll shaman hits you with the +5 dagger "Hysushriez" {vorpal, Dex+7}!
* * * LOW HITPOINT WARNING * * *
You die...

# .# ..# .... .....
###############{K....
#######.....sgogKg.B.ggo...
#........############.#o#..
#........# # #........#
#........# #........#
#####........#
.............# #..
#...#........# #..#####


You could see a gnoll shaman, 2 gnolls, an orc, a giant cockroach and a kobold.

Vanquished Creatures
  A hound (D:4)
  A jelly (D:3)
  2 orc priests (D:3)
  Natasha (thrice) (D:2)
  6 gnolls
  An adder (D:2)
  A dart slug (D:4)
  3 orcs (D:3)
  3 endoplasms
  A giant cockroach (D:1)
  9 goblins
  6 hobgoblins
  9 jackals
  12 kobolds
  4 quokkas
  5 ball pythons
  7 bats
  3 frilled lizards
  A quokka skeleton (D:4)
  8 rats
86 creatures vanquished.

Notes
Turn   | Place    | Note
-------+----------+-------------------------------------------
     0 | D:1      | kae the Draconian Transmuter began the quest for the Orb.
     0 | D:1      | Reached XP level 1. HP: 16/16 MP: 3/3
   225 | D:1      | Reached XP level 2. HP: 18/23 MP: 5/5
   870 | D:1      | Reached XP level 3. HP: 29/29 MP: 4/6
   953 | D:1      | Found a faded altar of an unknown god.
  1130 | D:2      | Learned a level 3 spell: Spider Form
  1529 | D:2      | Reached skill level 4 in Unarmed Combat
  1593 | D:2      | Reached XP level 4. HP: 36/36 MP: 1/7
  1599 | D:2      | Reached skill level 1 in Poison Magic
  1838 | D:2      | Noticed Natasha
  1857 | D:2      | Killed Natasha
  1995 | D:2      | Noticed Natasha
  2022 | D:2      | Killed Natasha
  2023 | D:2      | Reached XP level 5. HP: 35/42 MP: 4/8
  2140 | D:2      | Noticed Natasha
  2148 | D:2      | Killed Natasha
  2529 | D:3      | Found a stormy altar of Qazlal.
  2585 | D:3      | Found a white marble altar of Elyvilon.
  2949 | D:3      | Found an iron altar of Okawaru.
  3019 | D:3      | Reached skill level 5 in Unarmed Combat
  3019 | D:3      | Reached XP level 6. HP: 31/51 MP: 9/9
  3024 | D:3      | Learned a level 4 spell: Ice Form
  3197 | D:3      | Found Mimuzike's Weapon Shoppe.
  3428 | D:4      | Found a shadowy altar of Dithmenos.
  3621 | D:4      | Identified the +5 dagger "Hysushriez" {vorpal, Dex+7}
  3647 | D:4      | HP: 1/51 [gnoll shaman (9)]
  3647 | D:4      | Slain by a gnoll shaman

Illustrated notes

Levels and vault maps discovered:
D:1:      evilmike_arrival_rings, layout_rooms, ebering_ecumenical_altar_hall,
          minmay_cut_off
D:2:      layout_loops_ring, serial_co_window_serial, co_window_paths_a,
          co_window_cross_1, co_window_corner_a, co_window_of_opportunity_a,
          co_window_paths_b, co_window_unsneaky_path_d, co_window_corner_cb,
          co_window_broadway_c, co_window_sun, uniq_natasha
D:3:      layout_rooms, nicolae_qazlal_eye_of_the_storm,
          okawaru_metal_pillars_1_2, elyvilon_altar_3, serial_shops, shop,
          eino_tiny_chamber, minmay_door_square
D:4:      layout_basic, nicolae_dithmenos_the_darkroom

Skill      XL: |  1  2  3  4  5 |
---------------+----------------+-----
Fighting       | 2 3 |  3.2
Unarmed Combat | 4 5 |  5.1
Poison Magic   | 1 2 |  2.0
Transmutations | 3 |  3.5
Dodging        | |  1.7
Spellcasting   | |  2.0
Ice Magic      | |  0.8

Action                   |  1- 3 |  4- 6 || total
-------------------------+-------+-------++-------
Melee: Unarmed           |   105 |   155 ||   260
       Tailslap          |     9 |    11 ||    20
       Headbutt          |     6 |     2 ||     8
       Kick              |     5 |     7 ||    12
       Punch             |       |     1 ||     1
 Cast: Beastly Appendage |    21 |    11 ||    32
       Spider Form       |     3 |     9 ||    12
  Use: Scroll            |     3 |     7 ||    10
 Stab: Sleeping          |       |     1 ||     1
Armor: Skin              |    34 |    29 ||    63
Dodge: Dodged            |   102 |   110 ||   212

Table legend: (Time is in decaauts)
 A = Elapsed time spent in this place.
 B = Non-inter-level travel time spent in this place.
 C = Inter-level travel time spent in this place.
 D = Time resting spent in this place.
 E = Time spent auto-exploring this place.
 F = Levels seen in this place.
 G = Mean time per level.
                   A        B        C        D        E       F      G
               +--------+--------+--------+--------+--------+-----+--------+
         Total |   3634 |   3617 |     17 |      5 |   2959 |   4 |  908.5 |
       Dungeon |   3634 |   3617 |     17 |      5 |   2959 |   4 |  908.5 |
               +--------+--------+--------+--------+--------+-----+--------+

Top non-repeatable levels by time:
     D:2: 1330 daAuts
     D:1: 1017 daAuts
     D:3: 911 daAuts
     D:4: 375 daAuts
